 Dungeon Crawl Stone Soup version 0.19-a0-526-gbe2e51c (webtiles) character file.

16 Duffy the Chopper (level 2, 22/22 HPs)
             Began as a Mummy Gladiator on June 7, 2016.
             Quit the game on level 1 of the Dungeon.
             The game lasted 00:00:35 (439 turns).

Duffy the Chopper (Mummy Gladiator)                  Turns: 439, Time: 00:00:36

Health: 22/22      AC:  6    Str: 18    XL:     2   Next: 37%
Magic:  2/2        EV: 11    Int:  7    God:
Gold:   0          SH:  0    Dex: 12    Spells: 0 memorised, 1 level left

rFire  x . .     SeeInvis .     a - +0 war axe
rCold  + . .     Gourm    .     g - +0 ring mail (curse)
rNeg   + + +     Faith    .     (no shield)
rPois  ∞         Spirit   .     c - +0 helmet
rElec  .         Dismiss  .     (no cloak)
rCorr  .         Reflect  .     (no gloves)
SustAt .         Harm     .     (no boots)
MR     .....                    (no amulet)
Stlth  +.........               (no ring)
                                (no ring)

@: not resistant to hostile enchantments, very unstealthy
A: no food or potions, fire vulnerability, cold resistance 1, negative energy
resistance 3, torment resistance, unbreathing
a: no special abilities


You were on level 1 of the Dungeon.
You were not hungry.

You visited 1 branch of the dungeon, and saw 1 of its levels.


Innate Abilities, Weirdness & Mutations

You do not eat or drink.
Your flesh is vulnerable to fire.
You are immune to poison.
Your flesh is cold resistant. (rC+)
You are immune to negative energy. (rN+++)
You are immune to unholy pain and torment.
You can survive without breathing.


   Skills:
 - Level 2.0 Fighting
 + Level 3.1 Axes
 - Level 1.5 Throwing
 - Level 2.4 Dodging


You had one spell level left.
You didn't know any spells.

Inventory:

Hand Weapons
 a - a +0 war axe (weapon)
Missiles
 d - 3 throwing nets (quivered)
Armour
 b - a +0 leather armour
 c - a +0 helmet (worn)
 g - a cursed +0 ring mail (worn)
Scrolls
 e - a scroll of fog {unknown}
 f - a scroll of recharging {unknown}

Dungeon Overview and Level Annotations

Branches:
Dungeon (1/15)

Altars:


Message History

No target in view!
No target in view!
No target in view!
No target in view!
f - a scroll labeled ZAHACS TEGG You open the door.
There is an open door here.
There is an open door here.
A bat comes into view.
A bat is nearby!
You hit the bat.
You kill the bat!
You see here a bat corpse.
Found a ring mail.
A dart slug comes into view.
A dart slug is nearby!
You slash the dart slug!
The dart slug is severely wounded.
The dart slug bites you but does no damage.
You slash the dart slug!
You kill the dart slug!
No target in view!
No target in view!
No target in view!
No target in view!
No target in view!
No target in view!
No target in view!
No target in view!
No target in view!
No target in view!
You see here a ring mail.
g - a ring mail Wear which item? (? for menu, Esc to quit)
You don't have any such object.
Wear which item? (? for menu, Esc to quit)
You don't have any such object.
Wear which item? (? for menu, Esc to quit)
You don't have any such object.
Wear which item? (? for menu, Esc to quit)
You start removing your armour.
You continue taking off your +0 leather armour. x4
You finish taking off your +0 leather armour.
You start putting on your armour.
You continue putting on your ring mail. x5
You finish putting on your cursed +0 ring mail.
Oops, that feels deathly cold.
A giant newt comes into view.
A giant newt is nearby!
A giant newt is nearby!
Are you sure you want to abandon this character and quit the game? (Confirm with "yes".)

##...###.#.###..#
...........# #..#
##...###.#####..#
#..##
#........#####
#..#
########.....#
....# #.###.#
###+# #.# #.#
#.###.# #.@.#.#
#........#
#............
.l..............
###...............
##..........##..
##.........# .
#.........#


You could see a giant newt.

Action                   || total
-------------------------++-------
Melee: War axe           ||    38
Armor: Leather armour    ||    12
Dodge: Dodged            ||    25

Notes
Turn   | Place    | Note
--------------------------------------------------------------
     0 | D:1      | Duffy the Mummy Gladiator began the quest for the Orb.
     0 | D:1      | Reached XP level 1. HP: 16/16 MP: 1/1
   105 | D:1      | Reached XP level 2. HP: 22/22 MP: 2/2
   182 | D:1      | Reached skill level 3 in Axes
   439 | D:1      | Quit the game

Skill      XL: |  1  2 |
---------------+-------+-----
Axes           | 3 |  3.1
Fighting       | |  2.0
Throwing       | |  1.5
Dodging        | |  2.4

Vault maps used:
D:1:      kennysheep_arrival_seaside, minivault_24, kennysheep_pointless_box,
          minmay_misc_feat_chi, minmay_misc_feat_roman

Vanquished Creatures
  A dart slug
  A goblin
  2 hobgoblins
  2 jackals
  3 bats
  2 giant newts
  2 kobolds
  A rat
14 creatures vanquished.
